 Dungeon Crawl Stone Soup version 0.24.0-123-gd5b16e6ec5 (webtiles) character file.

Game seed: 2014197509318033834, levelgen mode: deterministic

190791 Amplified the Bludgeoner (level 17, -4/238 HPs)
             Began as a Minotaur Conjurer on Jan 31, 2020.
             Was the Champion of Makhleb.
             Slain by a +0 war axe of electrocution (20 damage)
             ... on level 2 of the Elven Halls on Feb 1, 2020.
             The game lasted 01:07:21 (36428 turns).

Amplified the Bludgeoner (Minotaur Conjurer)       Turns: 36428, Time: 01:07:21

Health: -4/238     AC: 19    Str: 24    XL:     17   Next: 99%
Magic:  23/23      EV: 25    Int: 12    God:    Makhleb [******]
Gold:   3137       SH:  4    Dex: 23    Spells: 17/18 levels left

rFire    + + +     SeeInvis .   S - +10 halberd "Komoudghuseo" {venom, rElec Dex+2}
rCold    + + +     Gourm    .   (shield currently unavailable)
rNeg     . . .     Faith    .   M - +4 ring mail "Beacaca" {rC++}
rPois    +         Spirit   .   N - +0 hat of Lugonu's Reproof {Dex+4}
rElec    +         Reflect  +   n - scarf {rC+ rF+}
rCorr    +         Harm     .   (no gloves)
MR       ++...                  o - +2 pair of boots
Stlth    ..........             b - +4 amulet of reflection
HPRegen  0.49/turn              u - ring of Vuvatuas {+Inv rF+ MR+}
MPRegen  0.18/turn              e - +4 ring of protection

@: agile, berserking, resistant, very quick
A: retaliatory headbutt, horns 2
a: Minor Destruction, Lesser Servant of Makhleb, Major Destruction, Greater
Servant of Makhleb, Renounce Religion, Evoke Invisibility


You were on level 2 of the Elven Halls.
You worshipped Makhleb.
Makhleb was exalted by your worship.
You were not hungry.

You visited 7 branches of the dungeon, and saw 32 of its levels.

You collected 3344 gold pieces.
You spent 207 gold pieces at shops.

Inventory:

Hand Weapons
 l - the +8 storm bow {elec, penet}
   (You took it off an entropy weaver on level 6 of the Lair of Beasts)

   It charges the ammunition it shoots with electricity; occasionally upon a
   hit, such missiles may discharge and cause terrible harm.
   Ammo fired by it will pass through the targets it hits, potentially hitting
   all targets in its path until it reaches maximum range.
 S - the +10 halberd "Komoudghuseo" (weapon) {venom, rElec Dex+2}
   (You found it on level 6 of the Lair of Beasts)

   It poisons the flesh of those it strikes.
   It affects your dexterity (+2).
   It insulates you from electricity.
Missiles
 s - 80 poisoned darts (quivered)
 v - 13 silver javelins
 O - 693 arrows
 Y - 5 curare-tipped darts
Armour
 n - a scarf of resistance (worn)
 o - a +2 pair of boots (worn)
 M - the +4 ring mail "Beacaca" (worn) {rC++}
   (You found it on level 11 of the Dungeon)

   It greatly protects you from cold.
 N - the +0 hat of Lugonu's Reproof (worn) {Dex+4}
   (You bought it in a shop on level 2 of the Orcish Mines)

   It affects your dexterity (+4).
 T - a +1 scale mail of poison resistance
Jewellery
 a - an uncursed ring of fire
 b - a +4 amulet of reflection (around neck)
 e - a +4 ring of protection (right hand)
 f - an uncursed ring of positive energy
 h - an uncursed ring of positive energy
 k - an uncursed ring of positive energy
 p - an uncursed amulet of harm
 t - an uncursed ring of protection from fire
 u - the ring of Vuvatuas (left hand) {+Inv rF+ MR+}
   (You found it on level 4 of the Dungeon)

   [ring of protection from magic]

   It protects you from fire.
   It affects your resistance to hostile enchantments.
   It lets you turn invisible.
 D - an uncursed ring of protection from magic
 R - an uncursed ring of flight
 V - an uncursed ring of protection from magic
Wands
 i - a wand of flame (39)
 G - a wand of iceblast (14)
 L - a wand of polymorph (19)
 Q - a wand of paralysis (4)
Scrolls
 d - 4 scrolls of immolation
 y - 2 scrolls of identify
 A - a scroll of holy word
 E - 2 scrolls of amnesia
 F - 13 scrolls of remove curse
 H - 3 scrolls of enchant armour
 K - 5 scrolls of enchant weapon
 P - a scroll of fear
 U - a scroll of silence
 X - 2 scrolls of fog
Potions
 g - 5 potions of mutation
 j - a potion of cancellation {unknown}
 m - a potion of lignification {unknown}
 q - 5 potions of brilliance
 x - a potion of curing
 C - 3 potions of flight
 I - 3 potions of ambrosia
 J - a potion of magic
 W - a potion of might
Miscellaneous
 w - a sack of spiders
Comestibles
 c - 37 rations
 r - 8 chunks of flesh


   Skills:
 + Level 16.3 Fighting
   Level 17.4 Maces & Flails
 - Level 13.3 Polearms
 * Level 12.4 Bows
 - Level 11.1 Armour
 - Level 10.6 Dodging
 - Level 1.5 Stealth
   Level 10.9 Shields
 - Level 1.3 Spellcasting
   Level 2.9 Conjurations
   Level 9.4 Fire Magic
 - Level 9.4 Invocations
 - Level 8.7 Evocations


You had 17 spell levels left.
You knew the following spells:

 Your Spells              Type           Power        Failure   Level  Hunger
a - Confusing Touch       Hex            #.....       38%         1    ##.....

Your spell library contained the following spells:

 Spells                   Type           Power        Failure   Level  Hunger
 Flame Tongue             Conj/Fire      ###..        3%          1    ##.....
 Throw Flame              Conj/Fire      ###...       4%          2    ###....
 Conjure Flame            Conj/Fire      ###.....     10%         3    ####...
 Magic Dart               Conj           #...         12%         1    ##.....
 Searing Ray              Conj           #.....       19%         2    ###....
 Inner Flame              Hex/Fire       ##......     19%         3    ####...
 Sticky Flame             Conj/Fire      ###.....     32%         4    #####..
 Ignite Poison            Fire/Tmut/Pois #.......     34%         3    ####...
 Animate Skeleton         Necr           N/A          38%         1    ##.....
 Apportation              Tloc           #.....       38%         1    ##.....
 Pain                     Necr           #...         38%         1    ##.....
 Summon Butterflies       Summ           #.......     38%         1    ##.....
 Summon Small Mammal      Summ           #...         38%         1    ##.....
 Call Imp                 Summ           #.......     52%         2    ###....
 Dazzling Spray           Conj/Hex       #.....       54%         3    ####...
 Fireball                 Conj/Fire      ###.......   65%         5    ######.
 Call Canine Familiar     Summ           #.......     77%         3    ####...
 Confuse                  Hex            #.......     77%         3    ####...
 Gell's Gravitas          Tloc           #.........   77%         3    ####...
 Lesser Beckoning         Tloc           #.........   77%         3    ####...
 Regeneration             Chrm/Necr      #.........   77%         3    ####...
 Summon Guardian Golem    Hex/Summ       #.......     77%         3    ####...
 Tukima's Dance           Hex            #.......     77%         3    ####...
 Vampiric Draining        Necr           #.........   77%         3    ####...
 Iskenderun's Mystic Bla  Conj           #.......     77%         4    #####..
 Force Lance              Conj/Tloc      #.......     91%         4    #####..
 Fulminant Prism          Conj/Hex       #.........   91%         4    #####..
 Animate Dead             Necr           N/A          99%         4    #####..
 Cause Fear               Hex            #.........   99%         4    #####..
 Petrify                  Tmut/Erth      #.......     99%         4    #####..
 Summon Ice Beast         Ice/Summ       #.......     99%         4    #####..
 Summon Lightning Spire   Summ/Air       #.......     99%         4    #####..
 Irradiate                Conj/Tmut      #.........   99%         5    ######.
 Bolt of Fire             Conj/Fire      ###.......   99%         6    #######
 Alistair's Intoxication  Tmut/Pois      #.......     100%        5    ######.
 Metabolic Englaciation   Hex/Ice        #.........   100%        5    ######.
 Silence                  Hex/Air        #.........   100%        5    ######.
 Yara's Violent Unravell  Hex/Tmut       #.........   100%        5    ######.
 Deflect Missiles         Chrm/Air       #.........   100%        6    #######
 Hydra Form               Tmut           #.........   100%        6    #######
 Invisibility             Hex            #.......     100%        6    #######
 Statue Form              Tmut/Erth      #........    100%        6    #######
 Dragon Form              Tmut           #.........   100%        7    #######
 Ring of Flames           Chrm/Fire      ##........   100%        7    #######
 Discord                  Hex            #.........   100%        8    #######
 Ignition                 Fire           ###.......   100%        8    #######


Dungeon Overview and Level Annotations

Branches:
Dungeon (15/15)            Temple (1/1) D:5            Lair (6/6) D:11
  Swamp (4/4) Lair:2        Snake (1/4) Lair:2        Slime (0/5) Lair:6
    Orc (2/2) D:10            Elf (3/3) Orc:2        Vaults (0/5) D:13
 Depths (0/5) D:15

Altars:
Ashenzari
Cheibriados
Dithmenos
Elyvilon
Fedhas
Gozag
Hepliaklqana
Kikubaaqudgha
Makhleb
Nemelex Xobeh
Okawaru
Qazlal
Ru
Sif Muna
Trog
Uskayaw
Vehumet
Wu Jian
Xom
Yredelemnul
Zin
The Shining One

Shops:
Orc:2 *[:(   Elf:3 (   Snake:1 }

Annotations:
Lair:2 Pull Drake ombo
Lair:5 SeriousMike's ghost, journeyman HuFE
Lair:6 Consider bow or generic shield through.
Swamp:1 Roxanne
Swamp:4 Lernaean hydra
Orc:2 Bad resists


Innate Abilities, Weirdness & Mutations

You reflexively headbutt those who attack you in melee.
You have a pair of horns on your head.


Message History

You impale the +2 lajatang of electrocution!!
The +2 lajatang of electrocution is severely damaged.
The +2 lajatang of electrocution hits you!
* * * LOW HITPOINT WARNING * * *
Unknown command.
You slice the +2 lajatang of electrocution!!
The +2 lajatang of electrocution falls from the air.
Makhleb accepts your kill.
Unknown command.
You barely miss the +0 war axe of electrocution.
Unknown command.
You slash the +0 war axe of electrocution!
Your headbutt misses the +0 war axe of electrocution.
The +0 war axe of electrocution is heavily damaged.
The +0 war axe of electrocution closely misses you.
Unknown command.
You hit the +0 war axe of electrocution.
The +0 war axe of electrocution is heavily damaged.
The +0 war axe of electrocution hits you!!
You die...

......#...## #.......#...........
..........## ##.....###.........#
...........## ####### ########''#
,...........# #..### ##..#
,...........# ##...### #....
,...........# #.....### ###....
,..........'#####......####......
,.........#(.'###........##.###..
,.........##((e(@........)..# #..
,.........#+.(###....)...##'###++
,..........+#####......###...#...
,..........,* #.....####........
,...........* ##...#####(........
,,..........* #..### ##..[.......
,,,,,,,,,,,**#########...........
,,,,,,,,,,** #.....##............
,,,,,,*,,,** #......'.......<....


You could see a deep elf knight and 3 dancing weapons.

Vanquished Creatures
  5 thorn hunters
  Kirke (D:13)
  An orc warlord (Orc:2)
  2 entropy weavers (Lair:6)
  The ghost of Karasm the Basher, a journeyman GrGl of Qazlal (D:14)
  An ettin (D:12)
  2 fire dragons (D:15)
  A deep elf high priest (Elf:1)
  Josephine (Swamp:1)
  Harold (D:11)
  29 hydras
  2 vault guards (D:13)
  2 ghost crabs
  6 two-headed ogres
  An anaconda (Snake:1)
  An ogre mage (Orc:1)
  A shambling mangrove (Swamp:3)
  A queen ant (Lair:6)
  12 dancing weapons
  4 centaur warriors
  13 alligators
  2 tengu warriors (D:14)
  15 death yaks
  7 deep elf knights
  An orc high priest (Orc:2)
  5 skeletal warriors
  5 unseen horrors
  2 wizards (D:13)
  4 swamp dragons
  4 deep elf archers (Elf:1)
  Pikel (D:4)
  3 orc knights (Orc:2)
  3 wolf spider zombies
  45 deep elf magi
  A necromancer (D:13)
  6 orc sorcerers
  A manticore (D:11)
  An oklob plant (Lair:1)
  3 cyclopes
  27 ugly things
  6 elephants (Lair:5)
  A moth of wrath (shapeshifter) (D:12)
  Joseph (Lair:1)
  A molten gargoyle (Lair:2)
  3 black mambas
  3 gargoyles
  24 spiny frogs
  3 kobold demonologists
  An efreet (D:15)
  3 komodo dragons
  2 rime drakes
  A yaktaur (D:15)
  4 red devils (Elf:1)
  11 trolls
  7 hornets
  16 tyrant leeches
  11 slime creatures
  8 bog bodies
  11 blink frogs (Lair:6)
  4 dream sheep (Lair:6)
  A hippogriff (shapeshifter) (D:15)
  9 hippogriffs
  A centaur simulacrum (D:14)
  A meliai zombie (D:13)
  4 spriggans
  A shadow (Swamp:1)
  A water elemental (Elf:2)
  5 air elementals
  19 humans (D:13)
  7 wraiths
  3 wyverns
  A fire elemental (Lair:2)
  29 yaks
  A hog (shapeshifter) (D:13)
  6 hogs (D:13)
  3 basilisks
  20 vampire mosquitoes
  12 swamp worms
  2 hungry ghosts
  22 insubstantial wisps
  5 wargs
  An acid dragon (D:14)
  8 soldier ants (Lair:6)
  6 nagas
  9 water moccasins
  7 porcupines
  2 black bears
  8 ice beasts
  3 slaves (D:4)
  31 orc warriors
  6 sky beasts
  4 phantoms
  9 swamp drakes
  An eye of draining (D:12)
  A necrophage (D:12)
  18 ogres
  22 centaurs
  8 wolves
  10 crocodiles
  2 big kobolds
  2 earth elementals (Elf:2)
  28 bullfrogs
  A gnoll sergeant (D:4)
  6 scorpions
  4 killer bees (D:7)
  6 wights (D:8)
  4 centaur zombies
  4 crimson imps
  11 howler monkeys
  3 bullfrog zombies
  2 quasits
  12 hounds
  6 jellies
  16 orc priests
  3 centaur skeletons
  A bullfrog skeleton (D:7)
  Jessica (D:2)
  Ijyb (D:3)
  Natasha (thrice) (D:3)
  6 iguanas
  11 orc wizards
  26 worker ants
  A killer bee zombie (D:8)
  3 hound zombies
  4 hound skeletons
  A howler monkey zombie (D:8)
  A worker ant zombie (D:8)
  11 adders
  6 gnolls
  A howler monkey skeleton (D:5)
  5 shadow imps
  An adder zombie (D:9)
  3 adder skeletons
  2 worms (D:2)
  6 leopard geckos
  69 orcs
  7 bats
  4 giant cockroaches
  10 goblins
  7 hobgoblins
  10 jackals
  21 kobolds
  4 quokkas
  2 ball pythons
  A ball python zombie (D:5)
  6 frilled lizards
  A frilled lizard (shapeshifter) (Elf:1)
  A jackal skeleton (D:4)
  A jackal zombie (D:6)
  A leopard gecko zombie (D:6)
  A quokka skeleton (D:5)
  12 rats
  A fungus (Orc:2)
  A plant (Lair:1)
1016 creatures vanquished.

Vanquished Creatures (collateral kills)
  Bai Suzhen (Swamp:4)
  A minotaur (D:14)
  4 hydras
  2 death yaks (Lair:3)
  2 swamp dragons (Swamp:4)
  An ugly thing (D:14)
  3 spiny frogs (Lair:6)
  3 dream sheep (Lair:6)
  A blink frog (Lair:6)
  2 vampire mosquitoes (Lair:6)
  A swamp worm (Lair:2)
  A water moccasin (Lair:6)
  A swamp drake (Swamp:4)
  A worker ant (D:14)
24 creatures vanquished.

Vanquished Creatures (others)
  An alligator (Swamp:2)
  A necromancer (D:13)
  A centaur zombie (D:14)
  A swamp worm (Lair:2)
  An orc priest (Orc:1)
  A jackal (D:4)
  19 fungi
  45 plants (Lair:6)
70 creatures vanquished.

Grand Total: 1110 creatures vanquished

Notes
Turn   | Place    | Note
-------+----------+-------------------------------------------
     0 | D:1      | Amplified the Minotaur Conjurer began the quest for the
                  | Orb.
     0 | D:1      | Reached XP level 1. HP: 14/14 MP: 1/1
   199 | D:1      | Reached skill level 1 in Maces & Flails
   202 | D:1      | Reached XP level 2. HP: 21/22 MP: 3/3
   218 | D:1      | Reached skill level 1 in Fighting
   707 | D:1      | Reached skill level 2 in Maces & Flails
   917 | D:2      | Reached XP level 3. HP: 16/28 MP: 4/4
  1490 | D:3      | Reached skill level 3 in Maces & Flails
  1514 | D:3      | Reached XP level 4. HP: 25/36 MP: 5/5
  1792 | D:3      | Found a sacrificial altar of Ru.
  1848 | D:3      | Found a shadowy altar of Dithmenos.
  1855 | D:3      | Noticed Natasha
  1868 | D:3      | Killed Natasha
  1956 | D:3      | Reached skill level 4 in Maces & Flails
  1984 | D:3      | Noticed Natasha
  1997 | D:3      | Killed Natasha
  2253 | D:4      | Noticed Ijyb
  2266 | D:3      | Killed Ijyb
  2266 | D:3      | Reached XP level 5. HP: 21/45 MP: 6/6
  2452 | D:4      | Noticed a phantom
  2499 | D:3      | Killed a phantom
  2499 | D:3      | Reached skill level 5 in Maces & Flails
  2499 | D:3      | Reached XP level 6. HP: 31/52 MP: 7/7
  2556 | D:3      | Noticed Natasha
  2628 | D:3      | Killed Natasha
  2662 | D:4      | Reached skill level 6 in Maces & Flails
  3007 | D:4      | Reached skill level 7 in Maces & Flails
  3018 | D:4      | Reached XP level 7. HP: 35/60 MP: 8/8
  3501 | D:4      | Noticed Pikel
  3520 | D:4      | Killed Pikel
  3520 | D:4      | Reached skill level 9 in Maces & Flails
  3520 | D:4      | Reached XP level 8. HP: 41/67 MP: 9/9
  3608 | D:4      | Found a bloodstained altar of Trog.
  3667 | D:4      | Reached skill level 10 in Maces & Flails
  4029 | D:4      | Got a brightly glowing iron ring
  4030 | D:4      | Identified the ring of Vuvatuas {+Inv rF+ MR+} (You found
                  | it on level 4 of the Dungeon)
  4076 | D:5      | Entered Level 5 of the Dungeon
  4096 | D:5      | Found a staircase to the Ecumenical Temple.
  4121 | D:5      | Reached skill level 11 in Maces & Flails
  4165 | Temple   | Entered the Ecumenical Temple
  4370 | Temple   | Became a worshipper of Makhleb the Destroyer
  4673 | D:5      | Found a blossoming altar of Fedhas.
  4793 | D:5      | Reached skill level 12 in Maces & Flails
  4834 | D:5      | Reached skill level 1 in Armour
  5029 | D:6      | Reached skill level 1 in Invocations
  5029 | D:6      | Reached XP level 9. HP: 46/73 MP: 10/10
  5035 | D:6      | Reached skill level 1 in Evocations
  5071 | D:6      | Reached skill level 5 in Fighting
  5166 | D:6      | Reached * piety under Makhleb
  5380 | D:6      | Found an opulent altar of Gozag.
  5382 | D:6      | Found a stormy altar of Qazlal.
  5392 | D:6      | Found a hide-covered altar of Uskayaw.
  5394 | D:6      | Found a hazy altar of Hepliaklqana.
  5457 | D:7      | Found a shattered altar of Ashenzari.
  5836 | D:7      | Found a shimmering altar of Xom.
  5838 | D:7      | Found a hazy altar of Hepliaklqana.
  5838 | D:7      | Found a hide-covered altar of Uskayaw.
  5840 | D:7      | Found a shimmering altar of Xom.
  5840 | D:7      | Found a sacrificial altar of Ru.
  5840 | D:7      | Found a shimmering blue altar of Sif Muna.
  6002 | D:7      | Found a glowing golden altar of the Shining One.
  6247 | D:8      | Reached ** piety under Makhleb
  6329 | D:8      | Reached XP level 10. HP: 84/84 MP: 11/11
  6369 | D:8      | Reached skill level 5 in Dodging
  6484 | D:8      | Reached skill level 5 in Armour
  7462 | D:9      | Reached *** piety under Makhleb
  7902 | D:9      | Found a radiant altar of Vehumet.
  7944 | D:9      | Reached skill level 5 in Invocations
  8369 | D:10     | Entered Level 10 of the Dungeon
  8372 | D:10     | Noticed a purple ugly thing
  8382 | D:10     | Killed a purple ugly thing
  8382 | D:10     | Reached skill level 5 in Evocations
  8416 | D:10     | Reached XP level 11. HP: 95/95 MP: 14/14
  8446 | D:10     | Reached **** piety under Makhleb
  8853 | D:10     | You fall into a shaft and drop 3 floors!
  8954 | D:12     | Reached ***** piety under Makhleb
  9079 | D:11     | Noticed Harold
  9371 | D:12     | Noticed a five-headed hydra
  9371 | D:12     | Noticed a two-headed ogre
  9371 | D:12     | Noticed a brown ugly thing
  9384 | D:12     | Killed a brown ugly thing
  9387 | D:12     | Killed a two-headed ogre
  9415 | D:12     | Killed a five-headed hydra
  9415 | D:12     | Reached XP level 12. HP: 32/106 MP: 16/16
  9708 | D:12     | Noticed a centaur warrior
  9713 | D:12     | Killed a centaur warrior
  9713 | D:12     | Reached skill level 10 in Fighting
  9866 | D:12     | Found a large runed translucent door.
  9867 | D:12     | Found a large runed translucent door.
 10308 | D:12     | Noticed an ettin
 10321 | D:12     | Killed an ettin
 10379 | D:12     | Found a snail-covered altar of Cheibriados.
 10382 | D:12     | Found an iron altar of Okawaru.
 10471 | D:11     | Noticed a two-headed ogre
 10487 | D:11     | Killed a two-headed ogre
 10624 | D:11     | Killed Harold
 10980 | D:11     | Noticed a two-headed ogre
 10996 | D:11     | Killed a two-headed ogre
 11089 | D:11     | Found a staircase to the Lair.
 11397 | D:11     | Got a scorched ring mail
 11457 | D:11     | Got a translucent quarterstaff
 11458 | D:11     | Identified the +6 quarterstaff of the Maze {crush, rElec
                  | rC+ Stlth+} (You found it on level 11 of the Dungeon)
 11459 | D:11     | Identified the +4 ring mail "Beacaca" {rC++} (You found it
                  | on level 11 of the Dungeon)
 11530 | Lair:1   | Entered Level 1 of the Lair of Beasts
 11626 | Lair:1   | Noticed an eight-headed hydra
 11639 | Lair:1   | Reached skill level 10 in Armour
 11646 | Lair:1   | Killed an eight-headed hydra
 11659 | Lair:1   | Noticed Joseph
 11678 | Lair:1   | Killed Joseph
 11771 | Lair:1   | Noticed a six-headed hydra
 11782 | Lair:1   | Killed a six-headed hydra
 11965 | Lair:2   | Found a staircase to the Snake Pit.
 12062 | Lair:2   | Reached XP level 13. HP: 116/116 MP: 18/18
 12635 | Lair:3   | Reached skill level 10 in Dodging
 14053 | Lair:5   | Reached ****** piety under Makhleb
 14124 | Lair:5   | Found a transporter.
 14126 | Lair:5   | Noticed SeriousMike's ghost (journeyman HuFE)
 14126 | Lair:5   | Found a transporter.
 14627 | Lair:5   | Noticed an Executioner
 14635 | Lair:6   | Entered Level 6 of the Lair of Beasts
 14643 | Lair:6   | Reached skill level 1 in Shields
 14716 | Lair:6   | Noticed an entropy weaver
 14723 | Lair:6   | Noticed an entropy weaver
 14748 | Lair:6   | Killed an entropy weaver
 14831 | Lair:6   | Reached skill level 5 in Shields
 14880 | Lair:6   | Found a staircase to the Slime Pits.
 14922 | Lair:6   | Learned a level 1 spell: Confusing Touch
 15054 | Lair:6   | Reached XP level 14. HP: 127/127 MP: 20/20
 15283 | Lair:6   | Killed an entropy weaver
 15823 | Lair:6   | Reached skill level 10 in Shields
 16117 | Lair:6   | Got an encrusted halberd
 16118 | Lair:6   | Identified the +10 halberd "Komoudghuseo" {venom, rElec
                  | Dex+2} (You found it on level 6 of the Lair of Beasts)
 16205 | Lair:6   | Reached skill level 1 in Polearms
 16524 | Lair:2   | Reached skill level 1 in Bows
 16893 | Lair:2   | Found a staircase to the Swamp.
 17053 | Lair:2   | Identified a scroll of acquirement
 17668 | D:10     | Found a staircase to the Orcish Mines.
 18784 | D:2      | Noticed Jessica
 18788 | D:2      | Killed Jessica
 19809 | Orc:1    | Entered Level 1 of the Orcish Mines
 20310 | D:13     | Noticed Kirke
 20315 | D:13     | Noticed a sphinx
 20326 | D:13     | Paralysed by a sphinx for 2 turns
 20336 | D:13     | Killed Kirke
 20771 | D:13     | Reached skill level 13 in Maces & Flails
 20773 | D:13     | Reached skill level 1 in Fire Magic
 20807 | D:13     | Reached XP level 15. HP: 138/138 MP: 21/21
 20874 | D:13     | Found a gate to the Vaults.
 21145 | D:14     | Reached skill level 5 in Polearms
 21342 | D:14     | Noticed Karasm's ghost (journeyman GrGl)
 21746 | D:14     | Reached skill level 5 in Bows
 22391 | D:14     | Found a runed translucent gate.
 22391 | D:14     | Found a runed translucent gate.
 22391 | D:14     | Found a runed translucent gate.
 22484 | D:14     | Reached skill level 14 in Maces & Flails
 22498 | D:14     | Killed Karasm's ghost
 22507 | D:14     | HP: 5/139 [minotaur (27)]
 22856 | D:15     | Entered Level 15 of the Dungeon
 22946 | D:15     | Found a white marble altar of Elyvilon.
 23453 | D:15     | Reached skill level 5 in Fire Magic
 23641 | D:15     | Reached skill level 15 in Maces & Flails
 24387 | D:15     | Found a staircase to the Depths.
 24908 | Orc:2    | Entered Level 2 of the Orcish Mines
 25111 | Orc:2    | Reached XP level 16. HP: 147/147 MP: 22/22
 25115 | Orc:2    | Found Elearremn's General Store.
 25188 | Orc:2    | Found Rofuheeq's Book Shop.
 25281 | Orc:2    | Found Fiag's Antique Weapon Boutique.
 25282 | Orc:2    | Found a staircase to the Elven Halls.
 25365 | Orc:2    | Found Seak's Antique Armour Shop.
 25374 | Orc:2    | Bought a translucent hat for 207 gold pieces
 25374 | Orc:2    | Identified the +0 hat of Lugonu's Reproof {Dex+4} (You
                  | bought it in a shop on level 2 of the Orcish Mines)
 25645 | Orc:1    | You fall into a shaft and drop 1 floor!
 26171 | Snake:1  | Entered Level 1 of the Snake Pit
 26171 | Snake:1  | Found Fekig's Gadget Boutique.
 26357 | Snake:1  | Reached skill level 16 in Maces & Flails
 26652 | Swamp:1  | Entered Level 1 of the Swamp
 26658 | Swamp:1  | Reached skill level 15 in Fighting
 27566 | Swamp:1  | Noticed a thorn hunter
 27586 | Swamp:1  | Killed a thorn hunter
 27916 | Swamp:1  | Noticed Josephine
 27936 | Swamp:1  | Killed Josephine
 28088 | Swamp:1  | Identified Roxanne's Compendium of Shape Shifting
 28088 | Swamp:1  | Noticed Roxanne
 28274 | Swamp:1  | Got a faintly glowing ring mail
 28275 | Swamp:1  | Identified the cursed +0 ring mail of Patterns {+Blink
                  | rCorr} (You found it on level 1 of the Swamp)
 29107 | Swamp:2  | Reached skill level 17 in Maces & Flails
 29107 | Swamp:2  | Reached skill level 10 in Polearms
 29113 | Swamp:2  | Noticed a thorn hunter
 29286 | Swamp:2  | Killed a thorn hunter
 30082 | Swamp:3  | You fall into a shaft and drop 1 floor!
 30082 | Swamp:4  | Entered Level 4 of the Swamp
 30546 | Swamp:4  | Noticed a thorn hunter
 30553 | Swamp:4  | Killed a thorn hunter
 30553 | Swamp:4  | Reached XP level 17. HP: 156/156 MP: 23/23
 30715 | Swamp:4  | Noticed Bai Suzhen
 31467 | Swamp:4  | Reached skill level 10 in Bows
 31484 | Swamp:4  | Killed Bai Suzhen
 31490 | Swamp:4  | Noticed the 27-headed Lernaean hydra
 33369 | Elf:1    | Entered Level 1 of the Elven Halls
 35404 | Elf:2    | Found an ancient bone altar of Kikubaaqudgha.
 35607 | Elf:2    | Found a runed translucent gate.
 35607 | Elf:2    | Found a runed translucent gate.
 35607 | Elf:2    | Found a runed translucent gate.
 36184 | Elf:3    | Entered Level 3 of the Elven Halls
 36224 | Elf:3    | Found Ivoemano's Antique Weapon Shoppe.
 36428 | Elf:2    | Slain by a +0 war axe of electrocution

Levels and vault maps discovered:
D:1:      dpeg_arrival_ternary, layout_basic, minmay_small_reverse_x
D:2:      layout_basic, first_ration, minmay_split_cup_large, uniq_jessica
D:3:      layout_basic, nicolae_ru_path_of_blood,
          nicolae_dithmenos_shadow_blocks, uniq_natasha
D:4:      layout_loops_corners, minmay_tree_intersection,
          minmay_misc_feat_encased, trog_butcher_becter, uniq_ijyb, uniq_pikel
D:5:      minmay_diamond_boxcup, layout_basic, overflow_temple_1_default,
          minmay_temple_entry_large_hall
D:6:      layout_rooms, minitemple, corexii_checkpoint_a
D:7:      nicolae_whirlpool, layout_rooms, nicolae_tso_carved_into_rock,
          ashenzari_altar_1, the_bakery, doesnt_xom_only_xom
D:8:      cheibrodos_ideogram_h, layout_layer_cave, palyth_stone_intersect
D:9:      layout_loops_corners, basic_altar, nrook_loot_triangle
D:10:     layout_loops_ring, david_orc_4
D:11:     layout_small_grid, lair_entry_dummy, uniq_harold
D:12:     layout_roguey, jmf_multi_god_temple2
D:13:     layout_basic, grunt_vaults_entry_tiered, uniq_kirke
D:14:     layout_roguey, chequers_serial_rivers_room_b,
          maelrawn_ghost_gauntlet_escape
D:15:     grunt_enter_depths_hoard, layout_loops_ring, elyvilon_altar_5
Temple:   nicolae_temple_figure_eight
Lair:1:   layout_big_grid, serial_bayou_shore_b, minmay_lair_oklob_chamber,
          grunt_megastairs_2, uniq_joseph
Lair:2:   layout_gridlike, palyth_hydra_swamp_entry,
          minmay_snake_entry_guardpost_small, grunt_megastairs_3
Lair:3:   layout_cave_shapes, lemuel_fruit_fields
Lair:4:   layout_regular_city
Lair:5:   layout_roguey, gammafunk_ghost_arena, serial_bayou_shore_a
Lair:6:   minmay_lair_end_frog_pond, layout_hall_layers,
          dpeg_slime_entry_corner, serial_bayou_pond_c, minmay_another_anthill
Swamp:1:  layout_falls_marsh, evilmike_swamp_ruin_rubble_2, swamp_pool2,
          st_swamp_ruins_3, uniq_josephine, uniq_roxanne
Swamp:2:  layout_falls_marsh, nicolae_swamp_stair_fork, swamp_pool1
Swamp:3:  layout_basic_swamp, evilmike_swamp_ruin_house_3, swamp_pool1,
          infiniplex_staircase_pool
Swamp:4:  swamp_old_school, layout_basic_swamp, uniq_bai_suzhen
Snake:1:  layout_grid_shapes, serial_shops, shop, uniq_jorgrun
Orc:1:    layout_caves
Orc:2:    grunt_orc_gardens, layout_caves, grunt_orc_garden, grunt_orc_garden,
          grunt_orc_garden, grunt_orc_garden
Elf:1:    elf_arrival_002, layout_loops_ring,
          hangedman_elven_crosses_minicolossus,
          einodemon_armed_red_devil_minivault, uniq_nikola
Elf:2:    layout_gridlike, basic_altar
Elf:3:    minmay_elf_hall_furrowed, layout_gridlike, basic_altar, serial_shops,
          shop, grunt_ministairs_7, drop_trap, hangedman_elf_represent

Skill      XL: |  1  2  3  4  5  6  7  8  9 10 11 12 13 14 15 16 17 |
---------------+----------------------------------------------------+-----
Maces & Flails | 1 2 3 4 5 7 9 12 13 15 17 | 17.4
Fighting       | 1 2 3 4 6 8 9 11 12 14 15 16 | 16.3
Armour         | 1 4 6 8 10 11 | 11.1
Invocations    | 1 3 5 7 8 9 |  9.4
Evocations     | 3 5 6 7 8 |  8.7
Dodging        | 4 6 8 9 10 | 10.6
Shields        | 6 10 | 10.9
Polearms       | 4 8 10 13 | 13.3
Bows           | 4 7 9 12 | 12.4
Fire Magic     | 1 6 8 9 |  9.4
Stealth        | |  1.5
Spellcasting   | |  1.3
Conjurations   | |  2.9

Action                   |  1- 3 |  4- 6 |  7- 9 | 10-12 | 13-15 | 16-18 || total
-------------------------+-------+-------+-------+-------+-------+-------++-------
Melee: Whip              |    94 |    77 |   297 |   753 |   913 |       ||  2134
       Headbutt          |     6 |    14 |    45 |   135 |   272 |    79 ||   551
       Flail             |       |       |       |     7 |       |       ||     7
       Halberd           |       |       |       |       |   330 |   348 ||   678
       Longbow           |       |       |       |       |     1 |     3 ||     4
 Fire: Longbow           |       |       |       |       |   403 |   655 ||  1058
Throw: Stone             |    13 |       |       |       |     2 |       ||    15
       Throwing net      |       |       |       |     2 |     4 |       ||     6
 Cast: Magic Dart        |     3 |       |       |       |       |       ||     3
Invok: Lesser Servant of |       |       |       |     1 |     5 |       ||     6
       Greater Servant o |       |       |       |       |     4 |     6 ||    10
       Major Destruction |       |       |       |       |       |     2 ||     2
Evoke: Wand              |       |     3 |     8 |    25 |    38 |    33 ||   107
       Phantom mirror    |       |       |       |       |     1 |     1 ||     2
  Use: Scroll            |     3 |     2 |     8 |    18 |    18 |    17 ||    66
       Potion            |     6 |     3 |     1 |     5 |    18 |    14 ||    47
 Stab: Sleeping          |     3 |       |       |       |     2 |       ||     5
       Paralysed         |       |       |       |    11 |    11 |       ||    22
       Held in net/web   |       |       |       |     2 |     3 |       ||     5
  Eat: Ration            |     1 |       |     2 |     1 |     6 |     7 ||    17
       Chunk             |       |     3 |     4 |    16 |    24 |    12 ||    59
Armor: Robe              |    14 |     3 |     1 |       |       |       ||    18
       Scale mail        |       |       |    73 |   144 |       |       ||   217
       Ring mail         |       |       |       |    22 |   488 |   356 ||   866
Dodge: Dodged            |    68 |    29 |    94 |   295 |   754 |   759 ||  1999
Block: Large shield      |       |       |       |       |   311 |       ||   311
       Other             |       |       |       |       |     3 |    57 ||    60
       Reflection        |       |       |       |       |       |     2 ||     2
